 Dungeon Crawl Stone Soup version 0.27-a0-1147-gb3d8e82157 (webtiles) character file.

Game seed: 12776716304765149189

12 siradein the Ruffian (level 2, 0/23 HPs)
             Began as a Draconian Transmuter on May 11, 2021.
             Frozen to death by an endoplasm (3 damage)
             ... on level 1 of the Dungeon.
             The game lasted 00:01:17 (314 turns).

siradein the Ruffian (Draconian Transmuter)          Turns: 314, Time: 00:01:18

Health: 0/23       AC:  4    Str: 12    XL:     2   Next: 20%
Magic:  4/5        EV: 12    Int: 13    God:
Gold:   10         SH:  0    Dex: 11    Spells: 4/5 levels left

rFire    . . .     SeeInvis .     - Unarmed
rCold    . . .     Faith    .   (no shield)
rNeg     . . .     Spirit   .   (armour unavailable)
rPois    .         Reflect  .   (helmet currently unavailable)
rElec    .         Harm     .   (no cloak)
rCorr    .         Rampage  .   (no gloves)
Will     .....                  (boots currently unavailable)
Stlth    +.........             a - amulet of magic regeneration
HPRegen  0.07/turn              (no ring)
MPRegen  0.34/turn              (no ring)

@: appendages, very slightly contaminated
A: horns 2, talons 2, AC +4, unfitting armour, cold-blooded
a: End Transformation


You were on level 1 of the Dungeon.
You had temporarily grown beastly horns and talons.
You visited 1 branch of the dungeon, and saw 1 of its levels.

You collected 10 gold pieces.

Inventory:

Jewellery
 a - an amulet of magic regeneration (around neck)
Scrolls
 c - a scroll of immolation {unknown}
 d - a scroll of torment {unknown}
Potions
 b - a potion of magic {unknown}


   Skills:
 - Level 1.1 Fighting
 - Level 1.7 Dodging
 + Level 3.7 Unarmed Combat
 - Level 2.0 Spellcasting
 - Level 2.0 Transmutations


You had 4 spell levels left.
You knew the following spells:

 Your Spells              Type           Power      Damage    Failure   Level
a - Beastly Appendage     Tmut           12%        N/A       11%         1

Your spell library contained the following spells:

 Spells                   Type           Power      Damage    Failure   Level
 Wereblood                Tmut           6%         N/A       17%         2
 Spider Form              Tmut/Pois      1%         N/A       45%         3
 Ice Form                 Ice/Tmut       3%         N/A       86%         4
 Hydra Form               Tmut           3%         N/A       97%         5


Dungeon Overview and Level Annotations

Branches:
Dungeon (1/15)

Altars:


Innate Abilities, Weirdness & Mutations

You have temporarily grown beastly horns and talons.
Your plain brown scales are hard. (AC +4)
You cannot fit into any form of body armour.
You are cold-blooded and may be slowed by cold attacks.


Message History

You feel as though you will be slow longer.
You are too injured to fight recklessly!
You are too injured to fight recklessly!
The endoplasm hits you but does no damage.
The endoplasm closely misses you.
The endoplasm jiggles.
The endoplasm freezes you.
You are frozen.
* * * LOW HITPOINT WARNING * * *
You feel yourself speed up.
You see here 26 arrows.
A bat comes into view.
You barely miss the bat. The bat closely misses you.
The endoplasm hits you but does no damage.
Casting: Beastly Appendage (safe; 11% risk of failure)
Press: ? - help, Q - select action Dir - look around, f - activate You miscast Beastly Appendage.
You are very lightly contaminated with residual magic.
Nothing appears to happen.
The endoplasm freezes you.
You are frozen.
* * * LOW HITPOINT WARNING * * *
You feel yourself slow down. The bat closely misses you.
Casting: Beastly Appendage (safe; 11% risk of failure)
Press: ? - help, Q - select action Dir - look around, f - activate You grow a pair of large bovine horns.
Your feet morph into talons.
The bat closely misses you. The bat hits you.
* * * LOW HITPOINT WARNING * * *
The bat hits you but does no damage. The endoplasm misses you.
You hit the endoplasm. Your kick misses the endoplasm.
The endoplasm is severely wounded.
You feel yourself speed up. The bat hits you but does no damage.
The bat closely misses you. The bat hits you but does no damage.
The endoplasm freezes you.
You are frozen.
* * * LOW HITPOINT WARNING * * *
The endoplasm freezes you.
You are frozen.
You die...

.# #.# #..# .#
#.############ #†.#
.###.#..........###..#
..##.#.##............#
..........#####.....##
..##(###### #..#####.#
.###.# #........# ##
#.# ##J#######
.###.###### #@#
...............b.#
.....#############
######


You could see an endoplasm and a bat.

Vanquished Creatures
  2 endoplasms (D:1)
  2 hobgoblins (D:1)
  A kobold (D:1)
  2 ball pythons (D:1)
  A frilled lizard (D:1)
  2 goblins (D:1)
  A rat (D:1)
11 creatures vanquished.

Notes
Turn   | Place    | Note
-------+----------+-------------------------------------------
     0 | D:1      | siradein the Draconian Transmuter began the quest for the
                  | Orb.
     0 | D:1      | Reached XP level 1. HP: 16/16 MP: 3/3
   131 | D:1      | Reached XP level 2. HP: 19/23 MP: 5/5
   314 | D:1      | Frozen to death by an endoplasm

Illustrated notes

Levels and vault maps discovered:
D:1:      psy_arrival_whirlpool, layout_loops_ring

Action                   || total
-------------------------++-------
Melee: Unarmed           ||    22
       Kick              ||     4
       Headbutt          ||     1
       Tailslap          ||     1
 Cast: Beastly Appendage ||     6
Armor: Skin              ||     9
Dodge: Dodged            ||    15

Table legend: (Time is in decaauts)
 A = Elapsed time spent in this place.
 B = Non-inter-level travel time spent in this place.
 C = Inter-level travel time spent in this place.
 D = Time resting spent in this place.
 E = Time spent auto-exploring this place.
 F = Levels seen in this place.
 G = Mean time per level.
                   A        B        C        D        E       F      G
               +--------+--------+--------+--------+--------+-----+--------+
         Total |    319 |    319 |      0 |      0 |    199 |   1 |  319.0 |
       Dungeon |    319 |    319 |      0 |      0 |    199 |   1 |  319.0 |
               +--------+--------+--------+--------+--------+-----+--------+

Top non-repeatable levels by time:
     D:1: 319 daAuts
